SA
BELLEVUE BRUINS @ YELLOWKNIFE DRAGONBLOOD
08/30/2031
 
TOP OF THE 1ST
Bellevue Bruins batting - Pitching for Yellowknife Dragonblood : RHP Evan Groenevelt
Pitching: RHP Evan Groenevelt
Batting: RHB Félix Sánchez 0-0: Called Strike
0-1: Ball
1-1: Fly out, F9 (Flyball, 89S)
Batting: RHB Oki Hai 0-0: Foul Ball, location: 2F
0-1: Ball
1-1: Foul Ball, location: 2F
1-2: SINGLE (Flyball, 6D)
Batting: RHB Michael Brannon 0-0: Ball
1-0: Ball
2-0: Called Strike
2-1: Ball
3-1: SINGLE (Groundball, 56) (infield hit)
Oki Hai to second
Batting: LHB Vicente Gonzáles 0-0: Foul Ball, location: 2F
0-1: SINGLE (Line Drive, 8LS)
Oki Hai to third
Michael Brannon to second
Runner from 3rd tries for Home, SAFE, no throw
Batting: RHB Gil Andersen 0-0: Swinging Strike
0-1: Foul Ball, location: 2F
0-2: Ball
1-2: Ball
2-2: Strikes out swinging
Batting: SHB Julián Valentín 0-0: Called Strike
0-1: Ball
1-1: Ball
2-1: Swinging Strike
2-2: Strikes out swinging
Top of the 1st over - 1 run, 3 hits, 0 errors, 2 left on base; Bellevue 1 - Yellowknife 0
BOTTOM OF THE 1ST
Yellowknife Dragonblood batting - Pitching for Bellevue Bruins : RHP Scott Morrison
Pitching: RHP Scott Morrison
Batting: RHB Víctor Murguia 0-0: Called Strike
0-1: Ball
1-1: Ball
2-1: Foul Ball, location: 2F
2-2: SINGLE (Flyball, 89S)
Batting: SHB Gerrie Bond 0-0: Called Strike
0-1: Swinging Strike
0-2: Foul Ball, location: 2F
0-2: Strikes out swinging
Batting: SHB Miklos Elias 0-0: Foul Ball, location: 2F
0-1: Ball
1-1: Swinging Strike
1-2: Strikes out swinging
Batting: SHB Paul Graves 0-0: Called Strike
0-1: SINGLE (Groundball, 4MD)
Víctor Murguia to second
Runner from 2nd tries for 3rd, SAFE, no throw
Batting: RHB Bill Boyd 0-0: Foul Ball, location: 2F
0-1: Ball
1-1: Fielders Choice at 2nd, 6-4 (Groundball, 6)
Bottom of the 1st over - 0 runs, 2 hits, 0 errors, 2 left on base; Bellevue 1 - Yellowknife 0
TOP OF THE 2ND
Bellevue Bruins batting - Pitching for Yellowknife Dragonblood : RHP Evan Groenevelt
Batting: LHB Jorge Corella 0-0: SOLO HOME RUN (Flyball, 9LD), Distance : 360 ft
Batting: RHB Mark Merry 0-0: Foul Ball, location: 2F
0-1: Foul Ball, location: 2F
0-2: Strikes out swinging
Batting: RHB Shirai Yoshida 0-0: Called Strike
0-1: Ball
1-1: Ball
2-1: Swinging Strike
2-2: SINGLE (Groundball, 6MD)
Batting: RHB Félix Sánchez 0-0: Ball
1-0: Foul Ball, location: 2F
1-1: SINGLE (Line Drive, 6MD)
Shirai Yoshida to second
Batting: RHB Oki Hai 0-0: Ball
1-0: Swinging Strike
1-1: Swinging Strike
1-2: Foul Ball, location: 2F
1-2: Ball
2-2: Foul Ball, location: 2F
2-2: Ball
3-2: Fielders Choice at 2nd, 6-4 (Groundball, 6)
Shirai Yoshida to third
Batting: RHB Michael Brannon 0-0: Ball
Pickoff Throw to First - Out!
Top of the 2nd over - 1 run, 3 hits, 0 errors, 1 left on base; Bellevue 2 - Yellowknife 0
BOTTOM OF THE 2ND
Yellowknife Dragonblood batting - Pitching for Bellevue Bruins : RHP Scott Morrison
Batting: RHB Fernando González 0-0: Ball
1-0: Ball
2-0: Swinging Strike
2-1: Called Strike
2-2: Ball
3-2: Foul Ball, location: 2F
3-2: Fly out, F8 (Flyball, 8RXD)
Batting: RHB Orlando Moruga 0-0: Foul Ball, location: 2F
0-1: SINGLE (Line Drive, 34D)
Batting: RHB Andy Garnet 0-0: Foul Ball, location: 2F
0-1: Ball
1-1: Swinging Strike
1-2: Foul Ball, location: 2F
1-2: Ball
2-2: Foul Ball, location: 2F
2-2: Ball
3-2: SINGLE (Groundball, 25) (infield hit)
Orlando Moruga to second
Batting: RHB Ricardo Mireles 0-0: Ball
1-0: Grounds into double play, 3-6-1 (Groundball, 3)
Bottom of the 2nd over - 0 runs, 2 hits, 0 errors, 1 left on base; Bellevue 2 - Yellowknife 0
TOP OF THE 3RD
Bellevue Bruins batting - Pitching for Yellowknife Dragonblood : RHP Evan Groenevelt
Batting: RHB Michael Brannon 0-0: Swinging Strike
0-1: Swinging Strike
0-2: Fly out, F7 (Flyball, 7S)
Batting: LHB Vicente Gonzáles 0-0: Ball
1-0: Swinging Strike
1-1: Foul Ball, location: 2F
1-2: Ball
2-2: Ground out 4-3 (Groundball, 4)
Batting: RHB Gil Andersen 0-0: Ball
1-0: Foul Ball, location: 2F
1-1: Foul Ball, location: 2F
1-2: Fly out, F9 (Flyball, 9D)
Top of the 3rd over - 0 runs, 0 hits, 0 errors, 0 left on base; Bellevue 2 - Yellowknife 0
BOTTOM OF THE 3RD
Yellowknife Dragonblood batting - Pitching for Bellevue Bruins : RHP Scott Morrison
Batting: RHB Víctor Murguia 0-0: Ball
1-0: Ball
2-0: SINGLE (Groundball, 6D)
Batting: SHB Gerrie Bond 0-0: Ground out 3-1 (Groundball, 34S)
Víctor Murguia to second
Batting: SHB Miklos Elias 0-0: Ball
1-0: Called Strike
1-1: Called Strike
1-2: Ball
Wild Pitch!
Víctor Murguia to third
2-2: Strikes out swinging
Batting: SHB Paul Graves 0-0: Fly out, F4 (Line Drive, 4)
Bottom of the 3rd over - 0 runs, 1 hit, 0 errors, 1 left on base; Bellevue 2 - Yellowknife 0
TOP OF THE 4TH
Bellevue Bruins batting - Pitching for Yellowknife Dragonblood : RHP Evan Groenevelt
Batting: SHB Julián Valentín 0-0: Ball
1-0: Ball
2-0: Ball
3-0: Called Strike
3-1: Called Strike
3-2: DOUBLE (Line Drive, 9LD)
Batting: LHB Jorge Corella 0-0: Fly out, F8 (Flyball, 78S)
Batting: RHB Mark Merry 0-0: SINGLE (Flyball, 89S)
Julián Valentín to third
Runner from 3rd tries for Home, SAFE, no throw
Batting: RHB Shirai Yoshida 0-0: Called Strike
0-1: Ball
1-1: Swinging Strike
1-2: Fly out, F8 (Line Drive, 8LD)
Batting: RHB Félix Sánchez 0-0: Called Strike
0-1: Foul Ball, location: 2F
0-2: Foul Ball, location: 2F
0-2: Foul Ball, location: 2F
0-2: Ball
1-2: SINGLE (Groundball, 56D)
Mark Merry to second
Batting: RHB Oki Hai 0-0: Called Strike
0-1: Fly out, F3 (Popup, 3S)
Top of the 4th over - 1 run, 3 hits, 0 errors, 2 left on base; Bellevue 3 - Yellowknife 0
BOTTOM OF THE 4TH
Yellowknife Dragonblood batting - Pitching for Bellevue Bruins : RHP Scott Morrison
Batting: RHB Bill Boyd 0-0: Ball
1-0: Called Strike
1-1: Swinging Strike
1-2: Ball
2-2: Fly out, F9 (Flyball, 9S)
Batting: RHB Fernando González 0-0: Ball
1-0: Fly out, F8 (Flyball, 8LD)
Batting: RHB Orlando Moruga 0-0: Foul Ball, location: 2F
0-1: Called Strike
0-2: Ball
1-2: Foul Ball, location: 2F
1-2: Ball
2-2: Strikes out swinging
Bottom of the 4th over - 0 runs, 0 hits, 0 errors, 0 left on base; Bellevue 3 - Yellowknife 0
TOP OF THE 5TH
Bellevue Bruins batting - Pitching for Yellowknife Dragonblood : RHP Evan Groenevelt
Batting: RHB Michael Brannon 0-0: Ball
1-0: Ball
2-0: Ball
3-0: Called Strike
3-1: Reached on error, E6 (Groundball, 6S)
Batting: LHB Vicente Gonzáles 0-0: Called Strike
0-1: Ball
1-1: Ball
2-1: Called Strike
2-2: Fly out, F8 (Flyball, 78D)
Batting: RHB Gil Andersen 0-0: Foul Ball, location: 2F
0-1: SINGLE (Line Drive, 56D)
Michael Brannon to second
Batting: SHB Julián Valentín 0-0: Called Strike
0-1: Foul Ball, location: 2F
0-2: Ball
1-2: Ball
2-2: Strikes out looking
Batting: LHB Jorge Corella 0-0: Called Strike
0-1: Fly out, F9 (Flyball, 9S)
Top of the 5th over - 0 runs, 1 hit, 1 error, 2 left on base; Bellevue 3 - Yellowknife 0
BOTTOM OF THE 5TH
Yellowknife Dragonblood batting - Pitching for Bellevue Bruins : RHP Scott Morrison
Batting: RHB Andy Garnet 0-0: Ball
1-0: Called Strike
1-1: Swinging Strike
1-2: SINGLE (Groundball, 56D)
Batting: RHB Ricardo Mireles 0-0: Sac Bunt - play at first, batter OUT! U3
Andy Garnet to second
Batting: RHB Víctor Murguia 0-0: Ball
Wild Pitch!
Andy Garnet to third
1-0: Foul Ball, location: 2F
1-1: Ball
2-1: Ground out 4-3 (Groundball, 4)
Andy Garnet scores
Batting: SHB Gerrie Bond 0-0: Ball
1-0: Ball
2-0: Ground out U3 (Groundball, 34)
Bottom of the 5th over - 1 run, 1 hit, 0 errors, 0 left on base; Bellevue 3 - Yellowknife 1
TOP OF THE 6TH
Bellevue Bruins batting - Pitching for Yellowknife Dragonblood : RHP Surrealiste Zhejna
Pitching: RHP Surrealiste Zhejna
Batting: RHB Mark Merry 0-0: Called Strike
0-1: Ball
1-1: Ball
2-1: Ball
3-1: Called Strike
3-2: Foul Ball, location: 2F
3-2: Base on Balls
Batting: RHB Shirai Yoshida 0-0: Bunted foul
0-1: Sac Bunt - play at first, batter OUT! 5-4
Mark Merry to second
Batting: RHB Félix Sánchez 0-0: Swinging Strike
0-1: Called Strike
0-2: Ball
1-2: Strikes out swinging
Batting: RHB Oki Hai 0-0: SINGLE (Line Drive, 78M)
Mark Merry to third
Runner from 3rd tries for Home, SAFE, no throw
Batting: RHB Michael Brannon 0-0: Ball
1-0: Ground out 6-3 (Groundball, 6MS)
Top of the 6th over - 1 run, 1 hit, 0 errors, 1 left on base; Bellevue 4 - Yellowknife 1
BOTTOM OF THE 6TH
Yellowknife Dragonblood batting - Pitching for Bellevue Bruins : RHP Scott Morrison
Batting: SHB Miklos Elias 0-0: TRIPLE (Flyball, 9LD)
Batting: SHB Paul Graves 0-0: Ball
1-0: Ball
2-0: Ball
3-0: Base on Balls
Batting: RHB Bill Boyd 0-0: Ball
1-0: Ball
2-0: Called Strike
2-1: Called Strike
2-2: Foul Ball, location: 2F
2-2: Fly out, F9 (Flyball, 9LSF)
Runner from 3rd tags up, SCORES, no throw
Batting: RHB Fernando González 0-0: Ball
1-0: Swinging Strike
1-1: Grounds into double play, 4-6-3 (Groundball, 4)
Bottom of the 6th over - 1 run, 1 hit, 0 errors, 0 left on base; Bellevue 4 - Yellowknife 2
TOP OF THE 7TH
Bellevue Bruins batting - Pitching for Yellowknife Dragonblood : RHP Surrealiste Zhejna
Batting: LHB Vicente Gonzáles 0-0: DOUBLE (Flyball, 78D)
Batting: RHB Gil Andersen 0-0: Fly out, F7 (Line Drive, 7LM)
Batting: SHB Julián Valentín 0-0: Intentional Walk
Batting: LHB Jorge Corella 0-0: Ball
1-0: Fly out, F7 (Line Drive, 7)
Batting: RHB Mark Merry 0-0: Ball
1-0: Foul Ball, location: 2F
1-1: Ball
2-1: Ball
3-1: Foul Ball, location: 2F
3-2: Base on Balls
Vicente Gonzáles to third
Julián Valentín to second
Pinch Hitting: SHB Paul Maddox 0-0: Ball
1-0: Ball
2-0: Foul Ball, location: 2F
2-1: Fielders Choice at 2nd, 6-4 (Groundball, 6)
Top of the 7th over - 0 runs, 1 hit, 0 errors, 3 left on base; Bellevue 4 - Yellowknife 2
BOTTOM OF THE 7TH
Yellowknife Dragonblood batting - Pitching for Bellevue Bruins : RHP Scott Morrison
Now in RF: José Tirado
Batting: RHB Orlando Moruga 0-0: Ground out 3-1 (Groundball, 34)
Batting: RHB Andy Garnet 0-0: Ball
1-0: Fly out, F9 (Flyball, 9)
Batting: RHB Ricardo Mireles 0-0: Foul Ball, location: 2F
0-1: Ball
1-1: Foul Ball, location: 2F
1-2: Strikes out looking
Bottom of the 7th over - 0 runs, 0 hits, 0 errors, 0 left on base; Bellevue 4 - Yellowknife 2
TOP OF THE 8TH
Bellevue Bruins batting - Pitching for Yellowknife Dragonblood : RHP Surrealiste Zhejna
Batting: RHB Félix Sánchez 0-0: Ball
1-0: Ball
2-0: Called Strike
2-1: Called Strike
2-2: Ball
3-2: Ground out 6-3 (Groundball, 6)
Batting: RHB Oki Hai 0-0: Ball
1-0: Ball
2-0: Called Strike
2-1: Called Strike
2-2: Ground out 6-3 (Groundball, 6M)
Batting: RHB Michael Brannon 0-0: Ball
1-0: Called Strike
1-1: Ball
2-1: Ball
3-1: Called Strike
3-2: SINGLE (Groundball, 56D)
Batting: LHB Vicente Gonzáles 0-0: Fly out, F8 (Flyball, 8RM)
Top of the 8th over - 0 runs, 1 hit, 0 errors, 1 left on base; Bellevue 4 - Yellowknife 2
BOTTOM OF THE 8TH
Yellowknife Dragonblood batting - Pitching for Bellevue Bruins : RHP Scott Morrison
Batting: RHB Víctor Murguia 0-0: Ball
1-0: Swinging Strike
1-1: Swinging Strike
1-2: Foul Ball, location: 2F
1-2: Ball
2-2: SINGLE (Groundball, 6MD)
Batting: SHB Gerrie Bond 0-0: Foul Ball, location: 2F
0-1: Fielders Choice at 2nd, 4-6 (Groundball, 4)
Batting: SHB Miklos Elias 0-0: Foul Ball, location: 2F
0-1: Ball
1-1: Foul Ball, location: 2F
1-2: Ball
2-2: Foul Ball, location: 2F
2-2: Ball
3-2: Base on Balls
Gerrie Bond to second
Pitching: RHP Pedro Ortíz
Batting: SHB Paul Graves 0-0: Ball
1-0: Foul Ball, location: 2F
1-1: Foul Ball, location: 2F
1-2: Strikes out looking
Batting: RHB Bill Boyd 0-0: Ball
1-0: Ball
2-0: Foul Ball, location: 2F
2-1: Ball
3-1: Fly out, F7 (Flyball, 7D)
Bottom of the 8th over - 0 runs, 1 hit, 0 errors, 2 left on base; Bellevue 4 - Yellowknife 2
TOP OF THE 9TH
Bellevue Bruins batting - Pitching for Yellowknife Dragonblood : RHP Surrealiste Zhejna
Batting: RHB Gil Andersen 0-0: Called Strike
0-1: Swinging Strike
0-2: Ball
1-2: Ball
2-2: Ball
3-2: Fly out, F8 (Flyball, 8RD)
Batting: SHB Julián Valentín 0-0: Ball
1-0: Ball
2-0: Foul Ball, location: 2F
2-1: Foul Ball, location: 2F
2-2: Strikes out looking
Batting: LHB Jorge Corella 0-0: Called Strike
0-1: Fly out, F5 (Popup, 25F)
Top of the 9th over - 0 runs, 0 hits, 0 errors, 0 left on base; Bellevue 4 - Yellowknife 2
BOTTOM OF THE 9TH
Yellowknife Dragonblood batting - Pitching for Bellevue Bruins : RHP Pedro Ortíz
Pitching: RHP Caodong Liu
Batting: RHB Fernando González 0-0: Ground out 5-3 (Groundball, 56S)
Batting: RHB Orlando Moruga 0-0: Foul Ball, location: 2F
0-1: Ball
1-1: Ground out 5-3 (Groundball, 56)
Batting: RHB Andy Garnet 0-0: Foul Ball, location: 2F
0-1: Fly out, F9 (Line Drive, 9)
Bottom of the 9th over - 0 runs, 0 hits, 0 errors, 0 left on base; Bellevue 4 - Yellowknife 2
Tuesday, June 12th, 2018 - OOTP Baseball 18.8 Build 76